 Dungeon Crawl Stone Soup version 0.21-a0-621-gc60411f (webtiles) character file.

608 Amnesiac the Changer (level 7, 54/58 HPs)
             Began as a White Draconian Transmuter on Dec 23, 2017.
             Quit the game on level 4 of the Dungeon.
             The game lasted 00:06:02 (4253 turns).

Amnesiac the Changer (White Draconian Transmuter)   Turns: 4253, Time: 00:06:03

Health: 54/58      AC:  7    Str: 12    XL:     7   Next: 19%
Magic:  11/11      EV: 13    Int: 14    God:
Gold:   264        SH:  0    Dex: 13    Spells: 6/12 levels left

rFire    . . .     SeeInvis .   y - +3 dagger (venom)
rCold    + . .     Gourm    .   (no shield)
rNeg     . . .     Faith    +   (armour unavailable)
rPois    .         Spirit   .   (helmet restricted)
rElec    .         Reflect  .   p - +0 cloak
rCorr    .         Harm     .   (no gloves)
MR       .....                  (no boots)
Stlth    +.........             l - amulet of faith
HPRegen  0.19/turn              (no ring)
MPRegen  0.12/turn              (no ring)

@: no status effects
A: breathe frost, unfitting armour, cold resistance 1, cold-blooded, AC +6
a: Breathe Frost


You were on level 4 of the Dungeon.
You were not hungry.

You visited 1 branch of the dungeon, and saw 4 of its levels.
You also visited: Ossuary.

You collected 264 gold pieces.

Inventory:

Hand Weapons
 y - a +3 dagger of venom (weapon)
Missiles
 a - 26 arrows
 d - 160 stones
 n - 15 poisoned needles
 C - 4 tomahawks (quivered)
Armour
 p - a +0 cloak (worn)
Jewellery
 l - an amulet of faith (around neck)
Wands
 q - a wand of iceblast (4)
 B - a wand of paralysis (12)
Scrolls
 e - 3 scrolls of remove curse {!r, unknown}
 h - 6 scrolls of teleportation {!r}
 i - 6 scrolls of identify {!r, unknown}
 m - a scroll of enchant weapon {!r, unknown}
 o - a scroll of noise {!r, unknown}
 s - a scroll of enchant armour {!r, unknown}
 u - a scroll of blinking {!r, unknown}
 w - a scroll of immolation {!r, unknown}
Potions
 f - a potion of curing {!q, unknown}
 j - 3 potions of heal wounds {!q, unknown}
 k - a potion of berserk rage {!q, unknown}
 r - a potion of degeneration {!q, unknown}
 t - a potion of magic {!q, unknown}
 v - a potion of lignification {!q, unknown}
 x - a potion of resistance {!q, unknown}
 z - a potion of brilliance {!q, unknown}
 A - a potion of haste {!q, unknown}
Books
 b - a book of Changes

   Spells                             Type                      Level
   a - Beastly Appendage              Transmutation                1
   b - Sticks to Snakes               Transmutation                2
   c - Spider Form                    Transmutation/Poison         3
   d - Ice Form                       Ice/Transmutation            4
   e - Blade Hands                    Transmutation                5
Comestibles
 c - 9 rations
 g - a chunk of flesh


   Skills:
 + Level 3.7 Fighting
 + Level 2.9 Dodging
 * Level 4.8 Unarmed Combat
 + Level 3.1 Spellcasting
 * Level 4.8 Transmutations


You had 6 spell levels left.
You knew the following spells:

 Your Spells              Type           Power        Failure   Level  Hunger
a - Beastly Appendage     Tmut           ###...       3%          1    #......
b - Sticks to Snakes      Tmut           ###.....     4%          2    ##.....
e - Spider Form           Tmut/Pois      #.........   24%         3    ###....


Dungeon Overview and Level Annotations

Branches:
Dungeon (4/15)
 Temple: D:4-7

Altars:
Cheibriados
Elyvilon
Qazlal
Ru
Vehumet
Wu Jian


Innate Abilities, Weirdness & Mutations

You can breathe waves of freezing cold.
You can buffet flying creatures when you breathe cold.
Your icy white scales are hard. (AC +6)
You cannot fit into any form of body armour.
Your flesh is cold resistant. (rC+)
You are cold-blooded and may be slowed by cold attacks.


Message History

Edmund hits you with a dire flail of protection.
A giant cockroach comes into view.
You hit Edmund.
Edmund looks as sick as possible!
Edmund is lightly wounded.
The adder bites you but does no damage.
Edmund says, "What use are spells, anyway?"
The adder misses you.
You miss the adder. The adder barely misses you. The adder barely misses you.
You hit the adder.
The adder is poisoned.
The adder is heavily wounded.
Edmund says, "People accused me of being a cutpurse!"
The adder barely misses you.
You closely miss the adder.
The adder is heavily wounded.
The adder bites you but does no damage.
You closely miss the adder. You tail-slap the adder.
You kill the adder!
Your Spellcasting skill increases to level 3!
You hit Edmund but do no damage.
Edmund looks as sick as possible!
Edmund is severely wounded.
Edmund misses you.
You hit Edmund.
Edmund looks as sick as possible!
Edmund is severely wounded.
Edmund hits you with a dire flail of protection!
You hit Edmund but do no damage.
Edmund looks as sick as possible!
You tail-slap Edmund.
Edmund is almost dead.
Edmund hits you with a dire flail of protection.
You hit Edmund.
Edmund is almost dead.
Edmund hits you with a dire flail of protection.
You hit Edmund but do no damage.
Edmund looks as sick as possible!
You tail-slap Edmund, but do no damage.
Edmund is almost dead.
You kill Edmund!
You have reached level 7!
Your scales start taking on an icy white colour.
You learn Fire Magic much slower.
You learn Ice Magic much quicker.
You can breathe waves of freezing cold.
You can buffet flying creatures when you breathe cold.
You feel resistant to cold.
Unknown command.
You hit the giant cockroach but do no damage.
The giant cockroach is poisoned.
You kill the giant cockroach!
No target in view!
No target in view!
Things that are here:
a dire flail of protection; a ring mail; a giant cockroach corpse You butcher the giant cockroach corpse.
g - a chunk of flesh
Things that are here:
a dire flail of protection; a ring mail There isn't anything to butcher here.
You start resting.
HP restored.
e - 3 scrolls labeled ECAKIK GANGAET {!r} (gained 1)
C - a tomahawk You see here a club.
C - 2 tomahawks (gained 1)
C - 4 tomahawks (gained 2)
Found a stone staircase leading down.
Are you sure you want to abandon this character and quit the game? (Confirm with "yes".)

. #.........
.#......... .#.........
..........
######.......
...........#...
.............>. #...@#
.# ..#....##.#..#
...........#..#######
...#....#.##..........
. ##
#....#.##........... ##
#....#.##...........# .
#....#.##...........# #
...####.##...........+
##
#.#.####..#...........#


There were no monsters in sight!

Vanquished Creatures
  Edmund (D:4)
  2 orc wizards
  Terence (D:2)
  A worker ant (D:4)
  5 big kobold zombies (Ossuary)
  A mummy (Ossuary)
  5 gnolls
  6 adders
  2 oozes
  3 dart slugs
  3 leopard geckos
  17 orcs
  3 spectral bats (Ossuary)
  A ball python (D:1)
  5 giant cockroaches
  7 gnoll zombies (Ossuary)
  7 goblins
  7 hobgoblins
  5 jackals
  8 kobolds
  2 quokkas
  5 bats (D:2)
  2 bat simulacra (Ossuary)
  6 frilled lizards
  3 goblin simulacra (Ossuary)
  5 goblin zombies (Ossuary)
  3 hobgoblin zombies (Ossuary)
  4 kobold simulacra (Ossuary)
  4 kobold zombies (Ossuary)
  6 orc zombies (Ossuary)
  8 rats
  3 rat simulacra (Ossuary)
  4 spectral goblins (Ossuary)
  6 spectral kobolds (Ossuary)
  4 spectral rats (Ossuary)
155 creatures vanquished.

Vanquished Creatures (collateral kills)
  3 gnolls (D:2)
3 creatures vanquished.

Grand Total: 158 creatures vanquished

Notes
Turn   | Place    | Note
-------+----------+-------------------------------------------
     0 | D:1      | Amnesiac the Draconian Transmuter began the quest for the Orb.
     0 | D:1      | Reached XP level 1. HP: 16/16 MP: 3/3
   195 | D:1      | Reached XP level 2. HP: 10/24 MP: 5/5
   320 | D:1      | Learned a level 2 spell: Sticks to Snakes
   894 | D:2      | Reached XP level 3. HP: 11/30 MP: 2/6
   926 | D:2      | Learned a level 3 spell: Spider Form
  1274 | D:2      | Found a white marble altar of Elyvilon.
  1386 | D:2      | Reached XP level 4. HP: 36/37 MP: 7/7
  1556 | D:2      | Noticed Terence
  1567 | D:2      | Killed Terence
  1701 | D:2      | Found a radiant altar of Vehumet.
  1785 | D:2      | Found a stormy altar of Qazlal.
  1785 | D:2      | Found a sacrificial altar of Ru.
  1787 | D:2      | Found a snail-covered altar of Cheibriados.
  1876 | D:3      | Reached XP level 5. HP: 34/42 MP: 4/8
  1910 | D:3      | Found an ornate altar of the Wu Jian Council.
  2947 | D:4      | Found a sand-covered staircase.
  2965 | D:4      | Reached XP level 6. HP: 49/51 MP: 9/9
  3036 | Ossuary  | Entered an ossuary
  4104 | D:4      | Noticed Edmund
  4125 | D:4      | Killed Edmund
  4125 | D:4      | Your scales start taking on an icy white colour.
  4125 | D:4      | Reached XP level 7. HP: 29/58 MP: 11/11
  4125 | D:4      | Gained mutation: Your flesh is cold resistant. (rC+) [White Draconian growth]
  4253 | D:4      | Quit the game

Vault maps used:
D:1:      dpeg_arrival_stone_temple_mockup
D:2:      nicolae_overflow_hidden_temple, lemuel_coloured_pillars_altar,
          lemuel_doored_altar, first_ration, uniq_terence, uniq_jessica
D:3:      overflow_temple_1_default
D:4:      nicolae_ossuary_entry_ruins, minmay_misc_feat_columns, uniq_edmund
Ossuary:  ossuary_zaba_two_paths

Skill      XL: |  1  2  3  4  5  6 |
---------------+-------------------+-----
Fighting       | 2 3 |  3.7
Transmutations | 3 4 |  4.8
Dodging        | 2 |  2.9
Unarmed Combat | 4 |  4.8
Spellcasting   | 3 |  3.1

Action                   |  1- 3 |  4- 6 |  7- 9 || total
-------------------------+-------+-------+-------++-------
Melee: Unarmed           |    93 |   476 |       ||   569
       Tailslap          |     9 |    58 |       ||    67
       Punch             |     1 |     3 |       ||     4
       Dagger            |       |    21 |     1 ||    22
Throw: Stone             |    81 |    85 |       ||   166
       Tomahawk          |       |    35 |       ||    35
 Cast: Sticks to Snakes  |     2 |       |       ||     2
       Spider Form       |     1 |    10 |       ||    11
  Use: Scroll            |       |     1 |       ||     1
 Stab: Sleeping          |       |     1 |       ||     1
  Eat: Chunk             |     2 |     8 |       ||    10
       Ration            |       |     1 |       ||     1
Armor: Skin              |    19 |   103 |       ||   122
Dodge: Dodged            |    43 |   255 |       ||   298

Table legend:
 A = Spawn XP
 B = Non-spawn XP
 C = Spawn XP percentage of total XP
 D = Spawn monster count
 E = Non-spawn monster count
 F = Spawn count percentage of total count
 G = Total turns spent on level
                    A         B        C        D         E        F      G
               +---------+---------+-------+---------+---------+-------+---------
         Total |       0 |     869 |   0.0 |       0 |     158 |   0.0 |  4253
               +---------+---------+-------+---------+---------+-------+---------
           D:1 |       0 |      24 |   0.0 |       0 |      13 |   0.0 |   853
           D:2 |       0 |     145 |   0.0 |       0 |      36 |   0.0 |   979
           D:3 |       0 |     198 |   0.0 |       0 |      36 |   0.0 |  1113
           D:4 |       0 |     290 |   0.0 |       0 |      13 |   0.0 |   698
       Ossuary |       0 |     212 |   0.0 |       0 |      60 |   0.0 |   610
               +---------+---------+-------+---------+---------+-------+---------
